 Dungeon Crawl Stone Soup version 0.14-a0-1169-g4815781 (webtiles) character file.

346 Mitsuki the Sneak (level 5, -2/24 HPs)
             Began as a Spriggan Enchanter on Nov 29, 2013.
             Slain by an iron imp (9 damage)
             ... on Level 3 of the Dungeon on Nov 30, 2013.
             The game lasted 00:35:57 (3657 turns).

Mitsuki the Sneak (Spriggan Enchanter)              Turns: 3657, Time: 00:35:57

HP  -2/24        AC  4     Str  5      XL: 5   Next: 29%
MP   4/15        EV 19     Int 16      God:
Gold 171         SH  0     Dex 17      Spells:  4 memorised,  1 level left

rFire  . . .     SeeInvis +     a - +1,+2 dagger
rCold  . . .     Clarity  .     b - +1 robe
rNeg   . . .     Conserve .     (shield restricted)
rPois  .         rCorr    .     (helmet restricted)
rElec  .         rRot     .     l - +0 cloak
SustAb . .       Spirit   .     (gloves unavailable)
rMut   .         Warding  .     (boots unavailable)
Saprov . . .     Stasis   .     (no amulet)
                                (no ring)
                                (no ring)

@: bonded with blade, very quick, somewhat resistant to hostile enchantments,
very stealthy
A: unfitting armour, see invisible, herbivore 3, speed 3, slow metabolism 2
a: no special abilities


You were on level 3 of the Dungeon.
You were not hungry.

You visited 1 branch of the dungeon, and saw 3 of its levels.
You also visited: Sewer.

You collected 171 gold pieces.

Inventory:

Hand weapons
 a - a +1,+2 dagger (weapon)
Missiles
 d - 11 darts (quivered)
 o - 11 darts of frost
Armour
 b - a +1 robe (worn)
 l - a +0 cloak (worn)
Comestibles
 f - an apple
 i - a pear
Scrolls
 g - 2 scrolls of identify {unknown}
 n - 4 scrolls of teleportation
 q - a scroll of vulnerability {unknown}
 t - a scroll of random uselessness {unknown}
Potions
 e - a potion of invisibility {unknown}
 h - a potion of restore abilities {unknown}
 j - 2 potions of curing {unknown}
 k - a potion of might {unknown}
 m - 2 potions of agility {unknown}
 p - 3 potions of flight {unknown}
 r - 2 potions of paralysis {unknown}
 s - 2 potions of confusion {unknown}
Books
 c - a book of Maledictions

   Spells                             Type                      Level
   *Corona                            Hexes                        1
   *Sure Blade                        Hexes/Charms                 2
   *Ensorcelled Hibernation           Hexes/Ice                    2
   *Confuse                           Hexes                        3
   Enslavement                        Hexes                        4
   Invisibility                       Hexes                        6


   Skills:
 * Level 1.5 Short Blades
 - Level 1.2 Throwing
 + Level 3.8 Dodging
 + Level 6.3 Stealth
 + Level 2.9 Spellcasting
 + Level 4.4 Hexes
 - Level 0.1 Ice Magic


You had one spell level left.
You knew the following spells:

 Your Spells              Type           Power        Failure   Level  Hunger
a - Corona                Hex            ###....      3%          1    #......
b - Ensorcelled Hibernat  Hex/Ice        #.....       12%         2    ##.....
c - Confuse               Hex            ###.....     12%         3    ###....
d - Sure Blade            Hex/Chrm       #.........   14%         2    ##.....


Dungeon Overview and Level Annotations

Branches:
Dungeon (3/16)

Altars:
Fedhas
Makhleb


Innate Abilities, Weirdness & Mutations

You are tiny and cannot use many weapons and most armour.
You have supernaturally acute eyesight.
You are a herbivore.
You cover ground extremely quickly.
You need consume almost no food.


Message History

You become one with your weapon.
Casting: Sure Blade
Confirm with . or Enter, or press ? or * to list all spells.
You can't see any susceptible monsters within range! (Use Z to cast anyway.)
Casting: Sure Blade
Confirm with . or Enter, or press ? or * to list all spells.
Aiming: Corona
Press: ? - help, Shift-Dir - straight line, f - iron imp
Aim: an iron imp The iron imp is outlined in light.
You hit the iron imp but do no damage. You hit the iron imp but do no damage.
The iron imp hits you.
* * * LOW HITPOINT WARNING * * *
You hit the iron imp.
The iron imp is lightly wounded.
The iron imp barely misses you.
You hit the iron imp but do no damage.
The iron imp is lightly wounded.
The iron imp hits you!
You die...

#.# #########
#.######
#.......#
#......#
#.......#
#......#####
#.......#
#......'...#
#.......#
#......###.##
#(......+
#......# #..#
#.......#
#......#
##.####.......#
#......#
#..@5'.......#
#####%##
######.......#
##.[.#
#####'###
#..### #.#
##.## #.# #..#
##.# ##'#####
#########..#
#......#
..§§......#####
#..%...#
§§§...........#


You could see an iron imp.

Vanquished Creatures
  An orc priest (D:3)
  3 adders
  3 giant mites
  6 worms
  5 oozes
  3 orcs (D:3)
  9 bats
  6 giant cockroaches
  2 grey rats (D:3)
  5 hobgoblins
  4 jackals (Sewer)
  3 kobolds
  2 ball pythons (Sewer)
  A giant newt (D:2)
  2 goblins
  A hobgoblin skeleton (D:3)
  9 rats
65 creatures vanquished.

Notes
Turn   | Place    | Note
--------------------------------------------------------------
     0 | D:1      | Mitsuki, the Spriggan Enchanter, began the quest for the Orb.
     0 | D:1      | Reached XP level 1. HP: 9/9 MP: 4/4
   363 | D:1      | Reached XP level 2. HP: 13/13 MP: 4/6
   368 | D:1      | Learned a level 2 spell: Ensorcelled Hibernation
   833 | D:2      | Reached skill level 4 in Stealth
   854 | D:2      | Reached XP level 3. HP: 3/16 MP: 1/9
  1117 | D:2      | Learned a level 3 spell: Confuse
  1263 | D:2      | Found a blossoming altar of Fedhas.
  2164 | D:3      | Reached skill level 5 in Stealth
  2164 | D:3      | Reached XP level 4. HP: 21/21 MP: 2/12
  2235 | D:3      | Found a glowing drain.
  2401 | Sewer    | Entered a sewer
  2509 | Sewer    | Learned a level 2 spell: Sure Blade
  2863 | Sewer    | Reached XP level 5. HP: 24/24 MP: 8/15
  3141 | Sewer    | Reached skill level 6 in Stealth
  3575 | D:3      | Found a burning altar of Makhleb.
  3657 | D:3      | Slain by an iron imp

Action                   |  1- 3 |  4- 6 || total
-------------------------+-------+-------++-------
Melee: Dagger            |    52 |    94 ||   146
Throw: Dart              |       |     9 ||     9
 Cast: Corona            |     7 |     1 ||     8
       Ensorcelled Hiber |    23 |    32 ||    55
       Confuse           |     2 |       ||     2
       Sure Blade        |       |     2 ||     2
  Use: Scroll            |     4 |     4 ||     8
       Potion            |       |     1 ||     1
 Stab: Sleeping          |    21 |    24 ||    45
